 Dungeon Crawl Stone Soup version 0.26-a0-264-g3a471323bd (console) character file.

Game seed: 3506563167222407796

42 Kagalorn the Poker (level 3, -2/31 HPs)
             Began as a Hill Orc Gladiator on July 11, 2020.
             Slain by a kobold
             ... wielding a +0 whip
              (5 damage)
             ... on level 2 of the Dungeon.
             The game lasted 00:01:36 (520 turns).

Kagalorn the Poker (Hill Orc Gladiator)              Turns: 520, Time: 00:01:37

Health: -2/31      AC:  4    Str: 16    XL:     3   Next: 56%
Magic:  3/3        EV: 12    Int:  9    God:
Gold:   60         SH:  0    Dex: 12    Spells: 2/2 levels left

rFire    . . .     SeeInvis .   a - +0 trident
rCold    . . .     Faith    .   (no shield)
rNeg     . . .     Spirit   .   b - +0 leather armour
rPois    .         Reflect  .   c - +0 helmet
rElec    .         Harm     .   (no cloak)
rCorr    .                      (no gloves)
MR       .....                  (no boots)
Stlth    +.........             (no amulet)
HPRegen  0.10/turn              (no ring)
MPRegen  0.08/turn              (no ring)

@: no status effects
A: no striking features
a: no special abilities


You were on level 2 of the Dungeon.
You were full.

You visited 1 branch of the dungeon, and saw 2 of its levels.

You collected 60 gold pieces.

Inventory:

Hand Weapons
 a - a +0 trident (weapon)
 e - a +2 antimagic hand axe
Missiles
 d - 3 throwing nets (quivered)
 m - 22 stones
Armour
 b - a +0 leather armour (worn)
 c - a +0 helmet (worn)
Scrolls
 h - a scroll of teleportation {unknown}
 i - a scroll of identify {unknown}
Potions
 g - a potion of degeneration {unknown}
 j - 2 potions of mutation {unknown}
 k - a potion of curing {unknown}
 l - a potion of stabbing {unknown}
Comestibles
 f - 3 rations


   Skills:
 + Level 3.2 Fighting
 * Level 4.4 Polearms
 - Level 1.7 Throwing
 - Level 2.4 Dodging


You had 2 spell levels left.
You didn't know any spells.
Your spell library was empty.

Dungeon Overview and Level Annotations

Branches:
Dungeon (2/15)

Altars:


Message History

You hit the quokka but do no damage.
The quokka is moderately wounded.
The quokka bites you. The kobold hits you with a +0 whip.
The frilled lizard closely misses you.
You miss the quokka.
The quokka is moderately wounded.
The quokka bites you but does no damage.
The kobold hits you with a +0 whip. The frilled lizard bites you.
You barely miss the quokka.
The quokka is moderately wounded.
The quokka bites you.
* * * LOW HITPOINT WARNING * * *
The kobold hits you with a +0 whip.
* * * LOW HITPOINT WARNING * * *
The frilled lizard bites you.
* * * LOW HITPOINT WARNING * * *
You barely miss the quokka.
The quokka is moderately wounded.
The quokka barely misses you. The kobold hits you with a +0 whip.
You die...

#.. #.. .# #.. .# #..♣
..# #...♣♣♣..# #...r....#
###..lr....# ..## #.#
##@K# ###..####.###...#
#....#.....##.###
#..........##.###########
.......................#
#...............########
###............##.#
##.................#
...................#


You could see a quokka, a kobold, a frilled lizard and a rat.

Vanquished Creatures
  2 adders (D:2)
  An ooze (D:2)
  A leopard gecko (D:2)
  2 giant cockroaches (D:2)
  2 goblins (D:2)
  2 hobgoblins (D:2)
  2 kobolds (D:2)
  3 bats (D:2)
  4 frilled lizards (D:2)
  2 rats (D:2)
21 creatures vanquished.

Notes
Turn   | Place    | Note
-------+----------+-------------------------------------------
     0 | D:1      | Kagalorn the Hill Orc Gladiator began the quest for the
                  | Orb.
     0 | D:1      | Reached XP level 1. HP: 18/18 MP: 1/1
   112 | D:2      | Reached XP level 2. HP: 17/25 MP: 2/2
   251 | D:2      | Reached skill level 4 in Polearms
   251 | D:2      | Reached XP level 3. HP: 26/31 MP: 3/3
   520 | D:2      | Slain by a kobold

Illustrated notes

Levels and vault maps discovered:
D:1:      minmay_arrival_wavy_path, layout_rooms
D:2:      layout_basic, first_ration, kennysheep_generic_room_7

Skill      XL: |  1  2 |
---------------+-------+-----
Fighting       | 3 |  3.2
Polearms       | 4 |  4.4
Throwing       | |  1.7
Dodging        | |  2.4

Action                   || total
-------------------------++-------
Melee: Trident           ||    78
  Eat: Ration            ||     1
Armor: Leather armour    ||    19
Dodge: Dodged            ||    39

Table legend:
 A = Non-vault XP
 B = Vault XP
 C = Vault XP percentage of total XP
 D = Non-vault monster count
 E = Vault monster count
 F = Vault count percentage of total count
                 A         B        C        D         E       F
            +---------+---------+-------+---------+---------+-------
      Total |      61 |       0 |   0.0 |      21 |       0 |   0.0
            +---------+---------+-------+---------+---------+-------
        D:2 |      61 |       0 |   0.0 |      21 |       0 |   0.0
            +---------+---------+-------+---------+---------+-------
